 Dungeon Crawl Stone Soup version 0.21.1-1-g345015f (webtiles) character file.

7189 wojtek the Cleaver (level 10, -25/84 HPs)
             Began as a Minotaur Fighter on July 21, 2018.
             Was a Believer of Makhleb.
             Annihilated by Gastronok (34 damage)
             ... on level 10 of the Dungeon.
             The game lasted 00:17:53 (9711 turns).

wojtek the Cleaver (Minotaur Fighter)               Turns: 9711, Time: 00:17:53

Health: -25/84     AC: 11    Str: 25    XL:     10   Next: 87%
Magic:  12/12      EV:  8    Int:  5    God:    Makhleb [**....]
Gold:   521        SH: 10    Dex:  9    Spells: 9/9 levels left

rFire    . . .     SeeInvis .   a - +0 war axe
rCold    + . .     Gourm    .   c - +0 shield
rNeg     . . .     Faith    .   k - +0 chain mail
rPois    +         Spirit   .   (helmet restricted)
rElec    .         Reflect  .   h - scarf {cloud immunity}
rCorr    .         Harm     .   n - +0 pair of gloves
MR       .....                  (no boots)
Stlth    ..........             o - amulet of regeneration
HPRegen  0.64/turn              J - ring of poison resistance
MPRegen  0.13/turn              w - ring of protection from cold

@: no status effects
A: retaliatory headbutt, horns 2
a: Minor Destruction, Renounce Religion


You were on level 10 of the Dungeon.
You worshipped Makhleb.
Makhleb was pleased with you.
You were not hungry.

You visited 2 branches of the dungeon, and saw 11 of its levels.
You also visited: Sewer.

You collected 566 gold pieces.
You spent 45 gold pieces at shops.

Inventory:

Hand Weapons
 a - a +0 war axe (weapon)
 F - a cursed +5 hand axe
Armour
 c - a +0 shield (worn)
 h - a scarf of cloud immunity (worn)
 k - a +0 chain mail (worn)
 n - a +0 pair of gloves (worn)
 T - a cursed +0 chain mail
Jewellery
 o - an amulet of regeneration (around neck)
 q - a +3 ring of intelligence
 w - a ring of protection from cold (right hand)
 x - an uncursed ring of ice
 G - a +5 ring of dexterity
 J - a ring of poison resistance (left hand)
 L - an uncursed ring of fire
Wands
 e - a wand of iceblast (4)
 E - a wand of flame (58)
 M - a wand of paralysis (2)
 O - a wand of enslavement (3)
 P - a wand of polymorph (9)
 Q - a wand of acid (7)
 R - a wand of disintegration (12)
Scrolls
 b - 9 scrolls of identify
 i - 2 scrolls of amnesia
 j - 8 scrolls of teleportation
 l - 3 scrolls of enchant weapon
 p - a scroll of enchant armour {unknown}
 u - a scroll of blinking {unknown}
 v - a scroll of noise {unknown}
 y - a scroll of magic mapping
 A - a scroll of remove curse
 B - a scroll of fear {unknown}
 D - 2 scrolls of fog {unknown}
 K - a scroll of immolation {unknown}
Potions
 d - 2 potions of might
 g - 2 potions of curing {unknown}
 m - 2 potions of brilliance {unknown}
 r - 6 potions of heal wounds {unknown}
 s - 3 potions of flight {unknown}
 t - 2 potions of haste {unknown}
 z - 2 potions of degeneration {unknown}
 C - a potion of magic {unknown}
 I - a potion of berserk rage {unknown}
 N - a potion of mutation {unknown}
 S - a potion of lignification {unknown}
Comestibles
 f - 22 rations
 H - 8 chunks of flesh


   Skills:
 + Level 6.5 Fighting
 + Level 14.4 Axes
 + Level 6.4 Armour
 + Level 4.8 Dodging
 + Level 6.5 Shields
 * Level 4.2 Invocations
 + Level 4.1 Evocations


You had 9 spell levels left.
You didn't know any spells.

Dungeon Overview and Level Annotations

Branches:
Dungeon (10/15)            Temple (1/1) D:4             Orc (0/2) D:9
   Lair: D:8-11

Altars:
Ashenzari
Cheibriados
Dithmenos
Elyvilon
Fedhas
Gozag
Hepliaklqana
Kikubaaqudgha
Makhleb
Nemelex Xobeh
Okawaru
Qazlal
Ru
Sif Muna
Trog
Uskayaw
Vehumet
Wu Jian
Xom
Yredelemnul
Zin
The Shining One

Shops:
D:5 ?

Annotations:
D:10 Gastronok


Innate Abilities, Weirdness & Mutations

You reflexively headbutt those who attack you in melee.
You have a pair of horns on your head.


Message History

Gastronok is severely wounded.
Gastronok closely misses you.
You hit Gastronok but do no damage.
Gastronok is severely wounded.
Gastronok waves his eye-stalks in wide circles.
The air twists around and strikes you!
* * * LOW HITPOINT WARNING * * *
You slice Gastronok!!
Gastronok is severely wounded.
You hit Gastronok. You headbutt Gastronok!
Gastronok is almost dead.
You feel yourself speed up. Gastronok bites you!
* * * LOW HITPOINT WARNING * * *
You hit Gastronok.
Gastronok is almost dead.
You slash Gastronok!
Gastronok is almost dead.
Gastronok bites you!!
You die...

#.#.# #..###..# #..#..... .##.#
#.#.#.#.# #.###...# .##.#
#.......# #..#....# .##.#
###..>### ##.......# .##.#
#...# #.......##
....#####...#####..#....# ..
.#.................#....###.W..
............................W..
.#..............@..##.#.#
.########...#####w......# ##
#...# ###.......# # #...#
#.......### ##### #...#
#.#####...####
#...#####...###w#####......#
.....#.............##.#.##....
.............##.##.##.#.# ###
.......#####....##.##.#..


You could see Gastronok.

Vanquished Creatures
  A two-headed ogre (D:9)
  Pikel (D:9)
  A hornet (D:7)
  Sigmund (D:4)
  2 hippogriffs
  4 wraiths
  A wyvern (D:9)
  A steam dragon (D:8)
  Edmund (D:4)
  Menkaure (D:6)
  The ghost of Lucio the Ducker, an amateur FeCj of Vehumet (D:5)
  An ice beast (D:8)
  2 phantoms
  3 orc warriors
  4 ogres
  7 big kobolds
  The ghost of grocchini the Magician, an amateur DEWz of Kikubaaqudgha (D:3)
  Blork the orc (D:6)
  4 bullfrogs
  A water moccasin zombie (D:5)
  3 scorpions
  2 troll zombies (D:9)
  4 killer bees (D:10)
  5 wights (D:6)
  4 howler monkeys
  A crimson imp (D:4)
  2 bullfrog zombies
  4 hounds
  A quasit (D:9)
  3 orc priests
  2 centaur skeletons
  A gnoll shaman (D:5)
  5 orc wizards
  3 bullfrog skeletons
  5 iguanas
  4 worker ants
  6 ogre zombies (D:9)
  A hound zombie (D:7)
  2 worker ant zombies
  18 adders
  9 gnolls
  A howler monkey skeleton (D:8)
  3 river rats (Sewer)
  5 shadow imps
  3 oozes
  An adder zombie (D:8)
  3 adder skeletons
  5 worms
  A dart slug (D:4)
  6 leopard geckos
  37 orcs
  10 bats
  8 giant cockroaches
  4 goblins
  8 hobgoblins
  9 jackals
  38 kobolds
  11 quokkas
  3 ball pythons
  9 frilled lizards
  A goblin skeleton (D:9)
  A goblin zombie (D:9)
  3 hobgoblin zombies (D:9)
  A jackal skeleton (D:4)
  A leopard gecko skeleton (D:4)
  4 orc skeletons (D:9)
  16 orc zombies (D:9)
  A quokka skeleton (D:4)
  A quokka zombie (D:5)
  14 rats
  4 plants (D:7)
336 creatures vanquished.

Vanquished Creatures (others)
  A quokka (D:4)
  A plant (D:7)
2 creatures vanquished.

Grand Total: 338 creatures vanquished

Notes
Turn   | Place    | Note
-------+----------+-------------------------------------------
     0 | D:1      | wojtek the Minotaur Fighter began the quest for the Orb.
     0 | D:1      | Reached XP level 1. HP: 19/19 MP: 0/0
    65 | D:1      | Reached skill level 3 in Axes
    90 | D:1      | Reached XP level 2. HP: 23/26 MP: 1/1
   435 | D:1      | Reached skill level 4 in Axes
   615 | D:2      | Reached XP level 3. HP: 27/31 MP: 2/2
   754 | D:2      | Reached skill level 5 in Axes
   800 | D:2      | Reached XP level 4. HP: 36/39 MP: 3/3
  1243 | D:2      | Found a radiant altar of Vehumet.
  1350 | D:3      | Reached skill level 6 in Axes
  1406 | D:3      | Reached XP level 5. HP: 44/45 MP: 4/4
  1480 | D:3      | Found a basalt altar of Yredelemnul.
  1496 | D:3      | Noticed grocchini's ghost (amateur DEWz)
  1501 | D:3      | Killed grocchini's ghost
  1501 | D:3      | Reached skill level 7 in Axes
  1587 | D:3      | Found a shadowy altar of Dithmenos.
  1672 | D:3      | Reached XP level 6. HP: 51/51 MP: 5/5
  2063 | D:4      | Reached skill level 8 in Axes
  2094 | D:4      | Found a white marble altar of Elyvilon.
  2096 | D:4      | Noticed Sigmund
  2136 | D:4      | Killed Sigmund
  2136 | D:4      | Reached skill level 9 in Axes
  2238 | D:4      | Found a staircase to the Ecumenical Temple.
  2250 | Temple   | Entered the Ecumenical Temple
  2545 | D:4      | Reached XP level 7. HP: 57/57 MP: 6/6
  2819 | D:4      | Noticed Edmund
  2834 | D:4      | Killed Edmund
  2834 | D:4      | Reached skill level 10 in Axes
  3082 | D:4      | Found a glowing golden altar of the Shining One.
  3107 | D:5      | Entered Level 5 of the Dungeon
  3469 | D:5      | Found an iron altar of Okawaru.
  3474 | D:5      | Reached skill level 11 in Axes
  3484 | D:5      | Noticed Lucio's ghost (amateur FeCj)
  3503 | D:5      | Killed Lucio's ghost
  3503 | D:5      | Reached XP level 8. HP: 48/64 MP: 7/7
  3554 | D:5      | Found a snail-covered altar of Cheibriados.
  3880 | D:5      | Found Fuop's Magic Scroll Boutique.
  3888 | D:5      | Bought a scroll of magic mapping for 45 gold pieces
  4512 | D:6      | Reached skill level 12 in Axes
  4761 | D:6      | Noticed Menkaure
  4768 | D:6      | Killed Menkaure
  4781 | D:6      | Noticed Blork the orc
  4792 | D:6      | Killed Blork the orc
  4817 | D:6      | Found a glowing drain.
  4821 | Sewer    | Entered a sewer
  4933 | Sewer    | Reached skill level 13 in Axes
  5180 | Sewer    | Reached XP level 9. HP: 70/70 MP: 8/8
  5460 | D:6      | Reached skill level 1 in Dodging
  5553 | D:6      | Reached skill level 1 in Evocations
  6289 | D:7      | Found a deep blue altar of Sif Muna.
  6420 | D:7      | Paralysed by a hornet for 1 turns
  6427 | D:7      | Reached skill level 5 in Fighting
  6427 | D:7      | Reached skill level 14 in Axes
  6427 | D:7      | Reached skill level 5 in Armour
  6427 | D:7      | Reached skill level 5 in Shields
  7241 | D:8      | Found a burning altar of Makhleb.
  7256 | D:8      | Became a worshipper of Makhleb the Destroyer
  7286 | D:8      | Reached XP level 10. HP: 51/81 MP: 11/11
  7439 | D:8      | Found a stormy altar of Qazlal.
  7580 | D:8      | Reached skill level 1 in Invocations
  8210 | D:9      | Reached * piety under Makhleb
  8321 | D:9      | Found a staircase to the Orcish Mines.
  8377 | D:9      | Found an ornate altar of the Wu Jian Council.
  8588 | D:9      | Found a sacrificial altar of Ru.
  8599 | D:9      | Noticed Pikel
  8611 | D:9      | Killed Pikel
  8644 | D:9      | Found an opulent altar of Gozag.
  8685 | D:9      | Noticed a two-headed ogre
  8689 | D:9      | Killed a two-headed ogre
  8958 | D:9      | Reached ** piety under Makhleb
  9191 | D:10     | Entered Level 10 of the Dungeon
  9257 | D:10     | Noticed Gastronok
  9711 | D:10     | Annihilated by Gastronok

Skill      XL: |  1  2  3  4  5  6  7  8  9 10 |
---------------+-------------------------------+-----
Axes           | 3 4 5 6 7 9 11 13 14 | 14.4
Dodging        | 3 4 |  4.8
Armour         | 5 6 |  6.4
Evocations     | 2 4 |  4.1
Fighting       | 5 6 |  6.5
Shields        | 5 6 |  6.5
Invocations    | 4 |  4.2

Action                   |  1- 3 |  4- 6 |  7- 9 | 10-12 || total
-------------------------+-------+-------+-------+-------++-------
Melee: War axe           |    87 |   167 |   576 |   253 ||  1083
       Headbutt          |    10 |    22 |    90 |    52 ||   174
Evoke: Wand              |       |       |       |     1 ||     1
  Use: Scroll            |       |     5 |       |     1 ||     6
  Eat: Chunk             |       |     6 |    16 |     5 ||    27
       Ration            |       |       |       |     1 ||     1
Armor: Scale mail        |    25 |       |       |       ||    25
       Chain mail        |    18 |    81 |   193 |    91 ||   383
Dodge: Dodged            |    29 |    49 |    88 |    95 ||   261
Block: Shield            |    54 |    73 |   232 |   146 ||   505
